 Dungeon Crawl Stone Soup version 0.25.1-2-g60ff931df9 (webtiles) character file.

Game seed: 8756574209277649851

3231 KamiKatze the Slicer (level 9, -9/48 HPs)
             Began as a Vine Stalker Fighter on Sept 6, 2020.
             Was a Follower of Uskayaw.
             Killed by divine providence
             ... invoked by an orc priest
              (11 damage)
             ... on level 8 of the Dungeon on Sept 7, 2020.
             The game lasted 00:32:36 (6451 turns).

KamiKatze the Slicer (Vine Stalker Fighter)         Turns: 6451, Time: 00:32:36

Health: -9/48      AC: 11    Str: 21    XL:     9   Next: 98%
Magic:  0/11       EV:  8    Int:  8    God:    Uskayaw [*.....]
Gold:   336        SH: 11    Dex: 21    Spells: 8/8 levels left

rFire    . . .     SeeInvis .   a - +0 rapier
rCold    . . .     Gourm    .   c - +0 kite shield
rNeg     . . .     Faith    .   p - +0 scale mail {rPois}
rPois    +         Spirit   +   J - +0 helmet
rElec    .         Reflect  .   C - scarf {+Inv}
rCorr    .         Harm     .   n - +0 pair of gloves
MR       +....                  y - +0 pair of boots
Stlth    ..........             i - amulet of the acrobat
HPRegen  0.56/turn              m - +6 ring of dexterity
MPRegen  0.12/turn              (no ring)

@: lightly drained
A: fangs 3, regeneration 1, magic shield, antimagic bite, no potion heal 3, rot
immunity
a: Stomp, Renounce Religion, Evoke Invisibility


You were on level 8 of the Dungeon.
You worshipped Uskayaw.
Uskayaw was noncommittal.
You were hungry.

You visited 2 branches of the dungeon, and saw 10 of its levels.

You collected 336 gold pieces.

Inventory:

Hand Weapons
 a - a +0 rapier (weapon)
Missiles
 e - 28 poisoned darts (quivered)
 g - 114 stones
 q - 7 boomerangs
 w - 6 atropa-tipped darts
Armour
 c - a +0 kite shield (worn)
 n - a +0 pair of gloves (worn)
 p - a +0 scale mail of poison resistance (worn)
 y - a +0 pair of boots (worn)
 C - a scarf of invisibility (worn)
 H - a +0 chain mail
 I - a +0 plate armour
 J - a +0 helmet (worn)
Jewellery
 b - an uncursed ring of ice
 i - an amulet of the acrobat (around neck)
 m - a +6 ring of dexterity (left hand)
 x - an uncursed ring of stealth
 E - an uncursed ring of ice
Wands
 r - a wand of clouds (4)
 D - a wand of digging (5)
Scrolls
 h - a scroll of magic mapping {unknown}
 j - a scroll of teleportation {unknown}
 k - 6 scrolls of fog
 s - 2 scrolls of amnesia {unknown}
 v - a scroll of remove curse
 G - a scroll of blinking
 L - a scroll of immolation {unknown}
Potions
 d - a potion of might
 l - 2 potions of stabbing
 o - a potion of brilliance {unknown}
 t - 2 potions of invisibility
 u - 2 potions of curing
 A - 2 potions of flight
 B - a potion of mutation {unknown}
 F - a potion of haste {unknown}
 K - a potion of cancellation {unknown}
Comestibles
 f - 13 rations
 z - a chunk of flesh


   Skills:
 + Level 6.0 Fighting
 * Level 8.0 Short Blades
 + Level 5.5 Armour
 + Level 1.1 Dodging
 + Level 6.1 Shields
 + Level 1.4 Invocations


You had 8 spell levels left.
You didn't know any spells.
Your spell library contained the following spells:

 Spells                   Type           Power        Failure   Level  Hunger
 Animate Skeleton         Necr           N/A          98%         1    ##.....
 Apportation              Tloc           #.....       98%         1    ##.....
 Corona                   Hex            #......      98%         1    ##.....
 Magic Dart               Conj           #...         98%         1    ##.....
 Summon Small Mammal      Summ           #...         98%         1    ##.....
 Call Imp                 Summ           #.......     99%         2    ###....
 Searing Ray              Conj           #.....       99%         2    ###....
 Call Canine Familiar     Summ           #.......     100%        3    ####...
 Dazzling Flash           Conj/Hex       #.....       100%        3    ####...
 Summon Guardian Golem    Hex/Summ       #.......     100%        3    ####...
 Fulminant Prism          Conj/Hex       #.........   100%        4    #####..
 Iskenderun's Mystic Bla  Conj/Tloc      #.......     100%        4    #####..
 Summon Ice Beast         Ice/Summ       #.......     100%        4    #####..
 Summon Lightning Spire   Summ/Air       #.......     100%        4    #####..


Dungeon Overview and Level Annotations

Branches:
Dungeon (9/15)             Temple (1/1) D:7
   Lair: D:8-11         Orc: D:9-12

Altars:
Ashenzari
Cheibriados
Dithmenos
Elyvilon
Fedhas
Gozag
Hepliaklqana
Kikubaaqudgha
Makhleb
Nemelex Xobeh
Okawaru
Qazlal
Ru
Sif Muna
Trog
Uskayaw
Vehumet
Wu Jian
Xom
Yredelemnul
Zin
The Shining One
Lugonu

Shops:
D:7 }


Innate Abilities, Weirdness & Mutations

You have razor-sharp teeth.
Your natural rate of healing is unusually fast.
When hurt, damage is shared between your health and your magic reserves.
Your bite disrupts and absorbs the magic of your enemies.
Potions cannot restore your health.
You are immune to rotting.


Message History

The troll is lightly wounded.
The troll bites you.
* * * LOW HITPOINT WARNING * * *
You block the troll's attack. x2
You barely miss the troll. You bite the troll, but do no damage.
The troll is lightly wounded.
You block the troll's attack. The troll claws you!
* * * LOW HITPOINT WARNING * * *
The troll barely misses you.
You hit the troll. Your bite misses the troll.
The troll is lightly wounded.
You block the troll's attack. The troll claws you.
* * * LOW HITPOINT WARNING * * *
The troll closely misses you.
You hit the troll but do no damage. You bite the troll. You drain its power.
You feel invigorated.
The troll is lightly wounded.
The orc priest mumbles some strange prayers to Beogh against you.
Beogh smites you!
You die...

#.# #.# #....# ##### #.#
#.####....# #.... #.# #.........#
#.... #.# ######....# #.... #.#
#####....#########.... #(#
######..................... #.#
##.....>...o................
#)####.........#T############....
#....'.........#@# #####
######.........#.#
.....'.........#.#
.#####.........#.# .#
#.........#.# .#####.........#.#
...............#.#
################.# #.#


You could see a troll and an orc priest.

Vanquished Creatures
  A hungry ghost (D:7)
  Edmund (D:5)
  5 orc warriors
  2 sky beasts
  A phantom (D:6)
  2 ogres
  A centaur (D:8)
  3 bullfrogs
  8 wights
  6 killer bees (D:5)
  3 howler monkeys (D:8)
  2 crimson imps
  4 hounds
  3 jellies
  2 centaur skeletons
  6 orc wizards
  An orc priest (D:6)
  9 worker ants
  4 iguanas
  A worker ant zombie (D:6)
  11 adders
  A shadow imp (D:5)
  3 worms (D:2)
  2 leopard geckos
  26 orcs
  2 ball pythons
  A giant cockroach (D:8)
  8 goblins
  7 hobgoblins
  3 jackals (D:1)
  9 kobolds
  A quokka (D:8)
  7 bats
  4 frilled lizards
  A leopard gecko skeleton (D:5)
  9 rats
160 creatures vanquished.

Notes
Turn   | Place    | Note
-------+----------+-------------------------------------------
     0 | D:1      | KamiKatze the Vine Stalker Fighter began the quest for the
                  | Orb.
     0 | D:1      | Reached XP level 1. HP: 11/11 MP: 2/2
    79 | D:1      | Reached skill level 2 in Short Blades
   132 | D:1      | Reached XP level 2. HP: 10/16 MP: 3/3
   507 | D:1      | Reached XP level 3. HP: 19/19 MP: 4/4
  1004 | D:2      | Found a glowing silver altar of Zin.
  1044 | D:2      | Gained mutation: Your natural rate of healing is unusually
                  | fast. [Vine Stalker growth]
  1044 | D:2      | Reached XP level 4. HP: 9/24 MP: 2/5
  1278 | D:2      | Found a burning altar of Makhleb.
  2060 | D:3      | Found a stormy altar of Qazlal.
  2062 | D:3      | Noticed an earth elemental
  2062 | D:3      | Noticed a fire elemental
  2063 | D:3      | Noticed an air elemental
  2063 | D:3      | Noticed a water elemental
  2293 | D:4      | Reached skill level 3 in Short Blades
  2382 | D:4      | Reached XP level 5. HP: 26/28 MP: 4/6
  3059 | D:5      | Entered Level 5 of the Dungeon
  3103 | D:5      | Reached XP level 6. HP: 28/32 MP: 5/7
  3190 | D:5      | Reached skill level 4 in Short Blades
  3198 | D:5      | Found a radiant altar of Vehumet.
  3413 | D:5      | Reached XP level 7. HP: 5/37 MP: 8/8
  3565 | D:5      | Found a shimmering altar of Xom.
  3573 | D:5      | Noticed Edmund
  3672 | D:5      | Killed Edmund
  3672 | D:5      | Reached skill level 5 in Short Blades
  4093 | D:6      | Gained mutation: You have razor-sharp teeth. [Vine Stalker
                  | growth]
  4093 | D:6      | Reached XP level 8. HP: 34/42 MP: 7/9
  4190 | D:6      | Found a snail-covered altar of Cheibriados.
  4190 | D:6      | Found an ornate altar of the Wu Jian Council.
  4190 | D:6      | Found a bloodstained altar of Trog.
  4198 | D:6      | Found a shattered altar of Ashenzari.
  4198 | D:6      | Found a blossoming altar of Fedhas.
  4199 | D:6      | Found a shimmering blue altar of Sif Muna.
  4383 | D:6      | Reached skill level 6 in Short Blades
  4623 | D:6      | Reached skill level 5 in Shields
  4661 | D:6      | Reached skill level 5 in Fighting
  4854 | D:7      | Found Zeohun's Gadget Boutique.
  4935 | D:7      | Found a hazy altar of Hepliaklqana.
  4957 | D:7      | Found an ancient bone altar of Kikubaaqudgha.
  5111 | D:7      | Reached XP level 9. HP: 44/47 MP: 10/10
  5239 | D:7      | Found a staircase to the Ecumenical Temple.
  5248 | Temple   | Entered the Ecumenical Temple
  5347 | Temple   | Became a worshipper of Uskayaw the Reveler
  5581 | D:8      | Reached * piety under Uskayaw
  5585 | D:8      | Reached ** piety under Uskayaw
  5653 | D:8      | Reached skill level 7 in Short Blades
  5660 | D:8      | Reached *** piety under Uskayaw
  5712 | D:7      | Reached skill level 5 in Armour
  5720 | D:7      | Reached **** piety under Uskayaw
  5927 | D:8      | Reached ***** piety under Uskayaw
  5931 | D:8      | Reached skill level 1 in Invocations
  6062 | D:8      | Reached skill level 1 in Dodging
  6106 | D:8      | Noticed a two-headed ogre
  6257 | D:8      | Reached skill level 8 in Short Blades
  6322 | D:8      | Found an iron altar of Okawaru.
  6387 | D:9      | Noticed a troll
  6450 | D:8      | HP: 2/48 [troll (2)]
  6451 | D:8      | Killed from afar by an orc priest

Illustrated notes

Levels and vault maps discovered:
D:1:      scummos_arrival_checkerplants, layout_loops_cross
D:2:      layout_loops_ring, bloody_makhleb, lemuel_round_altar, first_ration,
          serial_bayou_lagoon_a, minmay_ruptured
D:3:      layout_loops_corners, nicolae_qazlal_style_of_elements
D:4:      layout_basic
D:5:      layout_loops_ring, lemuel_coloured_pillars_altar, basic_altar,
          uniq_edmund
D:6:      layout_gridville, grunt_temple_overflow_open,
          minmay_misc_feat_enclosed
D:7:      layout_rooms, old_standard_altar, overflow_temple_1_default,
          minmay_temple_entry_mist, serial_shops, shop, grunt_ministairs_15
D:8:      layout_basic, okawaru_altar_gauntlet_db
D:9:      minmay_shrinking_squares, layout_loops_ring, the_bakery
Temple:   kb_corrupted_temple

Skill      XL: |  1  2  3  4  5  6  7  8  9 |
---------------+----------------------------+-----
Short Blades   | 2 3 4 5 6 8 |  8.0
Fighting       | 3 4 5 6 |  6.0
Shields        | 3 4 5 6 |  6.1
Armour         | 3 4 5 |  5.5
Invocations    | 1 |  1.4
Dodging        | 1 |  1.1

Action                   |  1- 3 |  4- 6 |  7- 9 || total
-------------------------+-------+-------+-------++-------
Melee: Rapier            |   122 |   129 |   385 ||   636
       Bite              |    26 |    37 |   184 ||   247
Throw: Dart              |    11 |     8 |    13 ||    32
  Use: Potion            |       |     1 |     1 ||     2
       Scroll            |       |       |     9 ||     9
 Stab: Sleeping          |       |     1 |       ||     1
       Paralysed         |       |       |     6 ||     6
  Eat: Chunk             |     1 |     7 |    12 ||    20
Armor: Scale mail        |    44 |    40 |    85 ||   169
Dodge: Dodged            |    45 |    47 |    85 ||   177
Block: Kite shield       |    55 |    60 |   177 ||   292
